 Dungeon Crawl Stone Soup version 0.20-a0-2-g2b0e13a (webtiles) character file.

203 Jorund the Chopper (level 5, -12/39 HPs)
             Began as a Demonspawn Gladiator on Oct 28, 2016.
             Killed by nerve-wracking pain
             ... invoked by Grinder
              (13 damage)
             ... on level 3 of the Dungeon.
             The game lasted 00:04:43 (3157 turns).

Jorund the Chopper (Demonspawn Gladiator)           Turns: 3157, Time: 00:04:44

Health: -12/39     AC: 11    Str: 12    XL:     5   Next: 51%
Magic:  5/5        EV:  6    Int: 14    God:
Gold:   141        SH:  0    Dex: 13    Spells: 0 memorised, 4 levels left

rFire  . . .     SeeInvis .     a - +1 war axe
rCold  . . .     Gourm    .     j - +0 chain mail (curse)
rNeg   . . .     Faith    .     (no shield)
rPois  .         Spirit   .     c - +0 helmet
rElec  .         Reflect  .     h - +0 cloak
rCorr  .         Harm     .     (no gloves)
MR     .....                    (no boots)
Stlth  ..........               (no amulet)
                                g - -5 ring of strength (curse)
                                s - +5 ring of intelligence

@: no status effects
A: claws 1, rugged brown scales 1
a: no special abilities


You were on level 3 of the Dungeon.
You were not hungry.

You visited 1 branch of the dungeon, and saw 3 of its levels.

You collected 141 gold pieces.

Inventory:

Hand Weapons
 a - a +1 war axe (weapon)
Missiles
 d - 2 throwing nets (quivered)
Armour
 c - a +0 helmet (worn)
 e - a +2 chain mail of fire resistance
 h - a +0 cloak (worn)
 j - a cursed +0 chain mail (worn)
Jewellery
 g - a cursed -5 ring of strength (right claw)
 s - a +5 ring of intelligence (left claw)
Scrolls
 m - a scroll of recharging
Potions
 o - a potion of flight {unknown}
 r - a potion of brilliance {unknown}
Comestibles
 b - 2 meat rations
 f - a bread ration
 k - a beef jerky


   Skills:
 - Level 2.0 Fighting
 + Level 5.2 Axes
 - Level 1.7 Throwing
 + Level 2.0 Armour
 - Level 2.6 Dodging


You had 4 spell levels left.
You didn't know any spells.

Dungeon Overview and Level Annotations

Branches:
Dungeon (3/15)

Altars:
Qazlal

Annotations:
D:3 Grinder


Innate Abilities, Weirdness & Mutations

You have sharp fingernails.
You are partially covered in rugged brown scales. (AC +1, +3% HP)


Message History

Grinder hits you but does no damage.
You closely miss Grinder.
Grinder is heavily wounded.
Grinder says, "FISH!"
Grinder hits you.
You writhe in agony.
Grinder gestures at you. Pain shoots through your body!
* * * LOW HITPOINT WARNING * * *
You closely miss Grinder.
Grinder is heavily wounded.
Grinder hits you but does no damage.
You closely miss Grinder.
Grinder is heavily wounded.
Grinder barely misses you.
Unknown command.
You hit Grinder.
Grinder is severely wounded.
Grinder gestures at you. Pain shoots through your body!
You die...

.....#+#......##+#.......##
.....#.###...............#
.....#........<.........##
.......................##
......[................#
...........>...........#
...................##### +#
................########...
................@5#....5...
..........<................
................#..........
.....#.....###.............
######.....###.###.........
#......##....#........
#......##.##.#####....
#......#####.# ...
######.......# ..


You could see Grinder.

Vanquished Creatures
  Crazy Yiuf (D:2)
  Natasha (thrice) (D:2)
  4 adders (D:3)
  2 oozes
  2 worms
  2 dart slugs (D:1)
  A leopard gecko (D:1)
  An orc (D:3)
  2 giant cockroaches
  6 hobgoblins
  A quokka (D:2)
  A ball python (D:2)
  3 bats
  3 frilled lizards
  6 goblins
  10 kobolds
  2 rats (D:1)
50 creatures vanquished.

Vanquished Creatures (others)
  A kobold (D:2)
1 creature vanquished.

Grand Total: 51 creatures vanquished

Notes
Turn   | Place    | Note
-------+----------+-------------------------------------------
     0 | D:1      | Jorund the Demonspawn Gladiator began the quest for the Orb.
     0 | D:1      | Reached XP level 1. HP: 16/16 MP: 1/1
   108 | D:1      | Reached skill level 3 in Axes
   509 | D:1      | Gained mutation: You have sharp fingernails. [demonic ancestry]
   509 | D:1      | Reached XP level 2. HP: 20/22 MP: 2/2
  1263 | D:2      | Reached XP level 3. HP: 27/27 MP: 3/3
  1424 | D:2      | Noticed Natasha
  1439 | D:2      | Killed Natasha
  1439 | D:2      | Reached skill level 4 in Axes
  1439 | D:2      | Reached skill level 1 in Armour
  1627 | D:2      | Noticed Natasha
  1636 | D:2      | Killed Natasha
  1636 | D:2      | Gained mutation: You are partially covered in rugged brown scales. (AC +1, +3% HP) [demonic ancestry]
  1636 | D:2      | Reached XP level 4. HP: 4/33 MP: 4/4
  2170 | D:2      | Found a stormy altar of Qazlal.
  2293 | D:2      | Found a runed door.
  2444 | D:2      | Noticed Natasha
  2459 | D:2      | Killed Natasha
  2791 | D:2      | Noticed Crazy Yiuf
  2797 | D:2      | Killed Crazy Yiuf
  2797 | D:2      | Reached skill level 5 in Axes
  2797 | D:2      | Reached XP level 5. HP: 39/39 MP: 5/5
  3125 | D:3      | Noticed Grinder
  3138 | D:3      | Paralysed by Grinder for 2 turns
  3145 | D:3      | Paralysed by Grinder for 6 turns
  3154 | D:3      | HP: 1/39 [Grinder/nerve-wracking pain (11)]
  3157 | D:3      | Killed from afar by Grinder

Vault maps used:
D:1:      evilmike_arrival_rings
D:2:      grunt_qazlal_clouds, uniq_natasha, uniq_crazy_yiuf_cottage
D:3:      grunt_decor_mini_mirrors, minmay_misc_feat_room, uniq_grinder

Skill      XL: |  1  2  3  4  5 |
---------------+----------------+-----
Axes           | 3 4 5 |  5.2
Armour         | 1 2 |  2.0
Fighting       | |  2.0
Throwing       | |  1.7
Dodging        | |  2.6

Action                   |  1- 3 |  4- 6 || total
-------------------------+-------+-------++-------
Melee: War axe           |    86 |    82 ||   168
Throw: Throwing net      |       |     1 ||     1
  Use: Potion            |     4 |     2 ||     6
       Scroll            |       |     6 ||     6
 Stab: Held in net/web   |       |     1 ||     1
  Eat: Chunk             |     2 |     5 ||     7
Armor: Chain mail        |    39 |    53 ||    92
       Leather armour    |     2 |       ||     2
       Skin              |     3 |       ||     3
Dodge: Dodged            |    38 |    25 ||    63
